 Dungeon Crawl Stone Soup version 0.31.0-11-ge490571c62 (webtiles) character file.

Game seed: 3242687541723109528

5 qw the Shooter (level 1, -3/10 HPs)
             Began as a Spriggan Hunter on Feb 4, 2024.
             Slain by a ribbon worm (7 damage)
             ... on level 2 of the Dungeon.
             The game lasted 00:00:00 (226 turns).

qw the Shooter (Spriggan Hunter)                     Turns: 226, Time: 00:00:00

Health: -3/10      AC:  2    Str:  7    XL:     1   Next: 66%
Magic:  2/2        EV: 18    Int: 10    God:
Gold:   18         SH:  0    Dex: 18    Spells: 0/0 levels left

rFire   . . .        a - +0 shortbow
rCold   . . .        (shield currently unavailable)
rNeg    . . .        c - +0 robe
rPois   .            (helmet restricted)
rElec   .            (no cloak)
rCorr   .            (gloves unavailable)
SInv    +            (boots unavailable)
Will    .....        (no amulet)
Stlth   ++           (no ring)
HPRegen 0.21/turn    (no ring)
MPRegen 0.08/turn

%: no passive effects
@: very quick
A: very small, no large weapons, unfitting armour, see invisible, speed 3
a: no special abilities


You were on level 2 of the Dungeon.
You visited 1 branch of the dungeon, and saw 2 of its levels.

You collected 18 gold pieces.


Innate Abilities, Weirdness & Mutations

You are very small and have problems with some larger weapons.
You are too small for most types of armour.
You have supernaturally acute eyesight. (SInv)
You cover ground extremely quickly. (Speed+++)


   Skills:
 - Level 1.5 Fighting
 - Level 4.0 Ranged Weapons
 + Level 3.4 Dodging
 - Level 1.5 Stealth


You couldn't memorise any spells.
You didn't know any spells.
Your spell library was empty.

Inventory:

Hand Weapons
 a - a +0 shortbow (weapon)
Armour
 c - a +0 robe (worn)
Scrolls
 b - a scroll of butterflies
 d - a scroll of teleportation {unknown}
 e - a scroll of noise {unknown}

Dungeon Overview and Level Annotations

Branches:
Dungeon (1/15)

Altars:


Message History

Found a club.
Waypoint 1 assigned to D:2.
e - a scroll labelled SOLAUV VUYC You now have 18 gold pieces (gained 9).
Found a stone staircase leading down.
A ribbon worm comes into view.
You shoot an arrow.
The arrow hits the ribbon worm but does no damage.
You shoot an arrow. The arrow hits the ribbon worm.
The ribbon worm is moderately wounded.
You shoot an arrow.
The arrow completely misses the ribbon worm.
The ribbon worm bites you.
You shoot an arrow. The arrow hits the ribbon worm.
The ribbon worm is moderately wounded.
The ribbon worm closely misses you.
You shoot an arrow. The arrow hits the ribbon worm.
The ribbon worm is moderately wounded.
The ribbon worm bites you.
You shoot an arrow.
The arrow barely misses the ribbon worm.
The ribbon worm barely misses you.
You shoot an arrow. The arrow hits the ribbon worm.
The ribbon worm is heavily wounded.
The ribbon worm misses you.
You shoot an arrow.
The arrow barely misses the ribbon worm.
The ribbon worm bites you.
You shoot an arrow. The arrow hits the ribbon worm.
The ribbon worm is severely wounded.
The ribbon worm barely misses you.
You shoot an arrow.
The arrow barely misses the ribbon worm.
The ribbon worm expels a string of sticky webbing.
The stream of webbing hits you but does no damage.
You are caught in a web!
The web tears apart.
The ribbon worm bites you!
Ouch! That really hurt!
You die...

############
#.............#
#.>...........#
#.............#
#............ ....
.... #.##w###.#
#...@....# #..#..#
#..#.#...# ...#...
#....#...####.#......
...##..........#......
##. #.#....#####......
.. .#....#.#####.....)
# ............##......
..####.#.##.##.## ..
...#.##.....# .


You could see a ribbon worm.

Vanquished Creatures
  2 goblins (D:1)
  2 hobgoblins (D:1)
4 creatures vanquished.

Notes
Turn   | Place    | Note
-------+----------+-------------------------------------------
     0 | D:1      | qw the Spriggan Hunter began the quest for the Orb.
     0 | D:1      | Reached XP level 1. HP: 10/10 MP: 2/2
     0 | D:1      | 0 ||| qw: Version: 0.3-a-160-g6735b56
     0 | D:1      | 0 ||| qw: Game counter: 5168
     0 | D:1      | 0 ||| qw: Melee chars always use a shield: true
     0 | D:1      | 0 ||| qw: God list: Okawaru
     0 | D:1      | 0 ||| qw: Allow faded altars: false
     0 | D:1      | 0 ||| qw: Do Orc after clearing Dungeon:15 true
     0 | D:1      | 0 ||| qw: Do second Lair branch before Depths: true
     0 | D:1      | 0 ||| qw: Lair rune preference: random
     0 | D:1      | 0 ||| qw: Goals: Normal
     0 | D:1      | 0 ||| PLANNING D:1-11
     6 | D:1      | Reached skill level 3 in Dodging
   188 | D:1      | You fall into a shaft and drop 1 floor!
   226 | D:2      | Slain by a ribbon worm

Levels and vault maps discovered:
D:1:      dpeg_arrival_morbid_curiosity, layout_basic, serial_shops, shop,
          nicolae_shop_statue_plus, shop, nicolae_shop_tiny_real_fake_doors
D:2:      layout_basic, kennysheep_nondescript, uniq_jessica

Skill      XL: |  1 |
---------------+----+-----
Dodging        | 3 |  3.4
Fighting       | |  1.5
Ranged Weapons | |  4.0
Stealth        | |  1.5

Action                     || total
---------------------------++-------
   Fire: Shortbow          ||    14
 Armour: Robe              ||     4
  Dodge: Dodged            ||     4

Table legend:
 A = Non-vault XP
 B = Vault XP
 C = Vault XP percentage of total XP
 D = Non-vault monster count
 E = Vault monster count
 F = Vault count percentage of total count
                 A         B        C        D         E       F
            +---------+---------+-------+---------+---------+-------
      Total |       0 |       8 | 100.0 |       0 |       4 | 100.0
            +---------+---------+-------+---------+---------+-------
        D:1 |       0 |       8 | 100.0 |       0 |       4 | 100.0
            +---------+---------+-------+---------+---------+-------
